Map: Disco Bloodbath LE

Players

TheMusZero

  • Race: Protoss Protoss
  • Spawn Location: 3:00

CatZ - Winner!

  • Race: Zerg Zerg
  • League: Grandmaster
  • Spawn Location: 9:00

Event: NationWars 2019

VOD

Have the link to the VOD?

Description

Time

  • Played on: Oct. 6, 2019, 2:51 p.m.
  • Length: 11:15
Show
View Real Time Build Order
Export as new Build Order

TheMusZero Protoss 

Build Orders:  

Get SALT Encoding   

  12  0:01  Probe  
  13  0:13  Probe  
  14  0:17  Pylon  
  14  0:25  Probe (Chrono Boost)  
  15  0:37  Probe (Chrono Boost)  
  15  0:39  Forge  
  16  0:44  Probe (Chrono Boost)  
  17  0:51  Probe  
  17  0:55  Pylon  
  18  1:03  Probe  
  19  1:15  Probe, Gateway  
  20  1:24  Photon Cannon  
  20  1:27  Probe  
  20  1:31  Assimilator  
  21  1:39  Probe  
  22  1:52  Probe  
  23  1:55  Photon Cannon  
  23  1:58  Assimilator  
  23  2:04  Cybernetics Core  
  23  2:19  Probe  
  24  2:31  Probe  
  24  2:34  Photon Cannon  
  25  2:39  Stalker (Chrono Boost)  
  25  2:40  Robotics Facility  
  27  2:46  Shield Battery  
  27  2:56  Pylon  
  27  3:00  Warp Gate  
  27  3:02  Adept  
  29  3:27  Immortal (Chrono Boost)  
  29  3:28  Pylon  
  29  3:32  Stalker  
  35  3:38  Photon Cannon  
  35  3:48  Shield Battery  
  35  3:56  Photon Cannon  
  35  4:09  Photon Cannon  
  34  4:13  Probe  
  35  4:27  Immortal (Chrono Boost)  
  39  4:45  Gateway  
  37  4:58  Warp Prism  
  39  5:02  Pylon  
  39  5:21  Pylon  
  39  5:22  Stalker  
  41  5:29  Shield Battery  
  41  5:33  Immortal (Chrono Boost)  
  45  5:49  Stalker, Shield Battery  
  45  5:56  Pylon  
  45  6:12  Immortal (Chrono Boost)  
  47  6:26  Stalker  
  49  6:34  Shield Battery  
  49  6:51  Immortal (Chrono Boost)  
  53  6:59  Pylon  
  51  7:02  Stalker  
  51  7:15  Shield Battery  
  51  7:27  Immortal (Chrono Boost)  
  55  7:37  Shield Battery  
  53  7:49  Robotics Bay  
  53  8:02  Warp Prism  
  47  8:28  Nexus  
  47  8:34  Sentry  
  49  8:40  Disruptor (Chrono Boost)  
  52  8:58  Pylon  
  52  9:07  Sentry  
  54  9:15  Disruptor  
  57  9:28  Sentry  
  53  9:52  Stalker x2  
  39  10:22  Probe  
  40  10:32  Pylon  
  28  10:47  Stalker  
Show
View Real Time Build Order
Export as new Build Order

CatZ Zerg - Winner!

Build Orders: Pool First 

Get SALT Encoding   

  12  0:00  Drone  
  13  0:12  Overlord  
  13  0:18  Drone  
  14  0:30  Drone  
  14  0:31  Drone  
  14  0:34  Drone  
  17  0:45  Spawning Pool  
  16  0:50  Drone  
  16  0:56  Drone  
  18  1:06  Drone  
  19  1:13  Extractor  
  18  1:24  Hatchery  
  17  1:32  Zergling x4  
  18  1:35  Queen  
  21  1:42  Drone  
  22  2:06  Hatchery  
  22  2:08  Drone  
  22  2:12  Extractor  
  22  2:13  Drone  
  22  2:22  Overlord  
  23  2:24  Spine Crawler  
  21  2:34  Roach Warren  
  20  2:38  Burrow  
  20  2:40  Drone x2  
  23  2:44  Drone  
  23  2:56  Overlord  
  23  3:17  Queen  
  25  3:20  Roach x2  
  29  3:36  Roach x2  
  29  3:39  Roach  
  35  3:43  Ravager  
  35  3:44  Ravager  
  35  3:47  Drone  
  38  3:49  Drone  
  38  3:51  Queen  
  41  3:58  Roach  
  41  4:16  Roach  
  37  4:26  Roach  
  37  4:27  Roach  
  36  4:31  Hatchery  
  35  4:44  Roach x2  
  39  4:50  Overlord  
  39  5:09  Ravager  
  39  5:10  Ravager x3  
  39  5:12  Metabolic Boost  
  39  5:13  Queen  
  45  5:18  Drone  
  45  5:36  Zergling x2  
  45  5:37  Overlord  
  46  5:47  Queen  
  46  5:49  Drone x4  
  52  5:59  Overlord  
  52  6:10  Drone, Roach x2  
  52  6:11  Drone  
  57  6:27  Zergling x12  
  60  6:42  Ravager x2  
  62  6:50  Zergling x12  
  62  6:51  Overlord  
  67  7:15  Queen  
  67  7:18  Lair  
  67  7:26  Zergling x10  
  67  7:27  Zergling x10  
  67  7:28  Overlord  
  75  7:35  Overlord  
  75  7:47  Zergling x4  
  75  7:50  Roach x2  
  81  8:00  Roach x2  
  66  8:21  Ravager x3  
  66  8:22  Zergling x2  
  66  8:23  Zergling x6  
  66  8:26  Nydus Network, Queen x2  
  76  8:42  Zergling x14  
  80  8:50  Roach x2  
  80  8:55  Roach  
  84  8:56  Zergling x2  
  85  9:07  Nydus Canal  
  85  9:12  Zergling x2  
  85  9:13  Zergling x8  
  82  9:27  Nydus Canal  
  82  9:30  Roach x3  
  82  9:31  Ravager x2  
  89  9:32  Zergling x4  
  74  9:59  Zergling x2  
  59  10:00  Zergling x8  
  59  10:04  Roach  
  63  10:14  Drone x2  
  63  10:19  Queen x2  
  67  10:23  Spire  
  67  10:24  Extractor  
  64  10:35  Drone  
  61  10:46  Ravager  
  61  10:49  Drone x4  
  67  10:50  Drone  
  64  11:03  Drone  
Tags
 
Add a new tag
Caveats
  • Supply blocks, unpowered buildings, or Contaminate may cause inaccurate times.
  • Supply counts are checked every 10 seconds.